AoeStats
← lfherreraz

Lombardia

509263790Analyzed
3v3 RM · 7d ago on Sep 26, 2026· 79m 31s· 6 players
Game mode
Random Map
Map size
Normal (6 player)
Population
200
Speed
Normal
Resources
Standard
Victory
Conquest
Starting age
Dark Age
Ending age
Imperial Age
RankedLock teamsTeams togetherTeam positionsShared explorationLock speedFull tech treeHidden civsTurbo modeCheats
Victory
Defeat
🇨🇴 Bengalis · Colombia
714
+13
🇮🇳 Danes · India
627
+8
🇨🇴 Byzantines · Colombia
576
+10
🇺🇸 Maya · United States
545
-10
🇲🇽 Franks · Mexico
498
-10
🇦🇺 Lithuanians · Australia
264
-4
SHADOWBANN3D
13:51 Feudal Age
15:42 Horse Collar
16:02 Double-Bit Axe
19:01 Gold Mining
22:17 Wheelbarrow
21:31 Town Watch
23:30 Man-at-Arms
26:36 Castle Age
26:22 Scale Mail Armor
26:34 Forging
26:20 Stone Mining
28:05 Long Swordsman
28:46 Squires
33:41 Bow Saw
33:42 Heavy Plow
37:21 Loom
40:15 Imperial Age
40:23 Imperial Age
38:09 Hand Cart
37:55 Town Patrol
41:29 Conscription
42:09 Capped Ram
43:00 Padded Archer Armor
42:51 Fletching
42:45 Pikeman
46:07 Coinage
45:38 Caravan
47:35 Two-Man Saw
47:43 Hoardings
49:05 Elite Plumed Archer
52:44 Bodkin Arrow
53:05 Leather Archer Armor
53:06 Chain Mail Armor
53:27 Iron Casting
52:24 Crossbowman
52:31 Elite Skirmisher
55:15 Banking
56:11 Siege Ram
58:31 Blast Furnace
58:01 Plate Mail Armor
58:02 Ring Archer Armor
57:35 Bracer
59:19 Halberdier
65:07 Blast Furnace
68:41 Heated Shot
69:14 Ballistics
69:57 Chemistry
69:09 Fortified Wall
68:40 Treadmill Crane
68:51 Heated Shot
69:13 Masonry
josantonio2904
13:49 Feudal Age
15:19 Double-Bit Axe
24:17 Castle Age
23:54 Forging
23:46 Scale Mail Armor
25:41 Bow Saw
27:00 Pikeman
27:41 Squires
35:02 Wheelbarrow
34:16 Loom
34:17 Town Watch
37:03 Iron Casting
36:44 Chain Mail Armor
38:03 Caravan
39:01 Hand Cart
39:56 Ballistics
42:10 Imperial Age
40:58 Ordonnance Companies
42:28 Halberdier
42:42 Heavy Scorpion
44:34 Chemistry
43:46 Masonry
43:33 Murder Holes
44:52 Plate Mail Armor
46:34 Chivalry
47:07 Conscription
48:38 Blast Furnace
47:08 Light Cavalry
47:52 Husbandry
49:12 Town Patrol
49:13 Arson
49:16 Gambesons
49:28 Arrowslits
49:28 Treadmill Crane
49:54 Siege Engineers
50:26 Architecture
52:01 Cavalier
57:58 Capped Ram
Sailor Jupiter
0:51 Loom
11:33 Feudal Age
14:14 Double-Bit Axe
15:28 Horse Collar
16:54 Forging
18:00 Scale Mail Armor
22:17 Castle Age
21:43 Man-at-Arms
22:28 Gold Mining
24:56 Scale Barding Armor
24:45 Fletching
24:50 Stone Mining
27:35 Stone Shaft Mining
26:43 Pikeman
26:49 Crossbowman
30:23 Bow Saw
31:11 Long Swordsman
34:02 Padded Archer Armor
38:37 Imperial Age
38:43 Two-Handed Swordsman
40:24 Squires
41:42 Iron Casting
41:27 Chain Mail Armor
41:09 Bodkin Arrow
42:55 Cavalier
45:58 Champion
46:57 Light Cavalry
53:13 Elite Leitis
53:58 Tower Shields
54:00 Hill Forts
55:44 Halberdier
56:46 Capped Ram
57:49 Murder Holes
65:17 Paladin
lfherreraz
0:27 Loom
11:55 Feudal Age
13:11 Wheelbarrow
12:26 Double-Bit Axe
12:30 Horse Collar
20:59 Forging
20:49 Scale Mail Armor
20:54 Scale Barding Armor
20:39 Fletching
20:49 Padded Archer Armor
25:23 Castle Age
25:57 Pikeman
26:57 Hand Cart
26:47 Heavy Plow
27:02 Bow Saw
27:25 Caravan
30:07 Squires
37:43 Imperial Age
35:31 Chain Mail Armor
35:51 Iron Casting
35:36 Chain Barding Armor
35:12 Bodkin Arrow
35:32 Leather Archer Armor
36:50 Arson
39:25 Crop Rotation
41:13 Two-Man Saw
40:21 Elite Cataphract
41:37 Hoardings
41:23 Logistica
41:42 Conscription
42:52 Elite Skirmisher
43:38 Thumb Ring
45:32 Guard Tower
45:53 Fortified Wall
45:39 Murder Holes
46:46 Chemistry
47:26 Halberdier
49:05 Keep
49:15 Husbandry
48:38 Heavy Camel Rider
56:18 Plate Mail Armor
56:23 Plate Barding Armor
56:18 Ring Archer Armor
55:48 Bracer
57:18 Treadmill Crane
58:01 Ballistics
57:30 Arrowslits
dcarrillov
11:32 Feudal Age
16:01 Horse Collar
16:11 Double-Bit Axe
23:42 Castle Age
23:36 Stone Mining
23:37 Gold Mining
23:47 Gold Mining
24:56 Wheelbarrow
25:14 Bow Saw
25:08 Heavy Plow
26:09 Pikeman
28:08 Gold Shaft Mining
28:49 Hand Cart
29:30 Caravan
39:35 Imperial Age
38:45 Forging
38:36 Scale Mail Armor
38:36 Padded Archer Armor
38:27 Fletching
38:43 Scale Barding Armor
43:43 Elite Ratha (Ranged)
44:44 Conscription
44:22 Bodkin Arrow
44:43 Leather Archer Armor
45:04 Iron Casting
44:44 Chain Mail Armor
44:50 Chain Barding Armor
44:53 Ballistics
45:34 Chemistry
44:26 Guard Tower
44:46 Fortified Wall
44:44 Siphons
44:27 Arrowslits
44:40 Murder Holes
44:37 Heated Shot
45:09 Masonry
45:13 Siege Engineers
46:27 Heavy Scorpion
46:57 Elite Skirmisher
52:00 Paiks
55:04 Squires
54:24 Halberdier
54:52 Gambesons
54:53 Arson
57:30 Blast Furnace
56:30 Bracer
57:01 Ring Archer Armor
57:07 Plate Barding Armor
56:31 Town Watch
57:13 Mahayana
57:39 Elite Elephant Archer
57:40 Crossbowman
63:06 Husbandry
63:16 Bloodlines
69:30 Light Cavalry
75:45 Arbalester
76:01 Elite Battle Elephant
78:46 Town Patrol
78:17 Siege Elephant
78:30 Siege Elephant
78:35 Man-at-Arms
79:52 Crop Rotation
80:28 Two-Man Saw
vinayrayal92
11:42 Feudal Age
12:11 Double-Bit Axe
12:22 Loom
17:31 Horse Collar
21:52 Castle Age
23:32 Squires
23:19 Gambesons
25:58 Bow Saw
25:52 Heavy Plow
30:18 Thumb Ring
30:43 Ballistics
34:36 Husbandry
34:47 Bloodlines
39:03 Imperial Age
37:12 Wheelbarrow
36:23 Town Watch
38:48 Caravan
39:52 Fletching
40:13 Forging
40:04 Scale Mail Armor
40:05 Padded Archer Armor
40:34 Bodkin Arrow
40:51 Onager
40:59 Man-at-Arms
42:22 Siege Onager
44:13 Conscription
43:16 Northmen's Fury
43:23 Hamask
44:39 Hoardings
44:47 Iron Casting
44:30 Chain Mail Armor
44:17 Bracer
44:39 Leather Archer Armor
45:40 Murder Holes
45:52 Siege Engineers
46:49 Chemistry
46:00 Masonry
47:51 Arson
47:34 Elite Varangian Guard
47:41 Long Swordsman
52:57 Two-Handed Swordsman
54:41 Blast Furnace
54:17 Plate Mail Armor
54:20 Ring Archer Armor
54:49 Elite Jomsviking
59:03 Champion
Connection lost

Rejoining the realm…

Still unreachable

The connection could not be restored.

Session expired

The server has moved on; the page needs a fresh start.